 Dungeon Crawl Stone Soup version 0.25-a0-589-g1e14c54 (webtiles) character file.

Game seed: 8816767310522036228, levelgen mode: deterministic

53176 Anathematize the Devastator (level 14, -17/84 HPs)
             Began as a Deep Elf Wizard on Mar 12, 2020.
             Was an Elder of Vehumet.
             Killed from afar by Frances (35 damage)
             ... with a shard of ice
             ... on level 12 of the Dungeon.
             The game lasted 02:23:17 (31480 turns).

Anathematize the Devastator (Deep Elf Wizard)      Turns: 31480, Time: 02:23:18

Health: -17/84     AC:  9    Str:  4    XL:     14   Next: 29%
Magic:  35/49      EV: 12    Int: 29    God:    Vehumet [****..]
Gold:   728        SH:  6    Dex: 19    Spells: 7/42 levels left

rFire    + . .     SeeInvis .   D - staff of power
rCold    + . .     Gourm    .   T - +0 buckler
rNeg     + . .     Faith    .   J - +1 leather armour of Midnight {rPois Dex+6}
rPois    +         Spirit   .   O - +0 helmet
rElec    .         Reflect  .   W - +1 cloak {rF+}
rCorr    .         Harm     .   h - +0 pair of gloves
MR       +++++     Clarity  +   V - +0 pair of boots
Stlth    ++++......             L - amulet of the Four Winds {rN+ MR+++ Clar}
HPRegen  0.24/turn              M - ring of protection from magic
MPRegen  0.31/turn              a - ring of protection from cold

@: swift, very slightly contaminated, very quick
A: no striking features
a: Renounce Religion


You were on level 12 of the Dungeon.
You worshipped Vehumet.
Vehumet was greatly pleased with you.
You were not hungry.

You visited 3 branches of the dungeon, and saw 19 of its levels.
You also visited: Volcano.

You collected 1298 gold pieces.
You spent 570 gold pieces at shops.

Inventory:

Hand Weapons
 w - a +1 dagger of freezing
Armour
 h - a +0 pair of gloves (worn)
 n - a +2 robe of fire resistance
 x - a +2 hat of magic resistance
 y - a +0 troll leather armour
 J - the +1 leather armour of Midnight (worn) {rPois Dex+6}
   (You found it on level 1 of the Lair of Beasts)

   It affects your dexterity (+6).
   It protects you from poison.
 O - a +0 helmet (worn)
 R - a +0 kite shield
 T - a +0 buckler (worn)
 V - a +0 pair of boots (worn)
 W - a +1 cloak of fire resistance (worn)
Magical Staves
 D - an uncursed staff of power (weapon)
Jewellery
 a - a ring of protection from cold (right hand)
 t - an uncursed ring of positive energy
 u - an uncursed amulet of magic regeneration {unknown}
 I - a cursed amulet of inaccuracy {unknown}
 L - the amulet of the Four Winds (around neck) {rN+ MR+++ Clar}
   (You bought it in a shop on level 7 of the Dungeon)

   [amulet of nothing]

   It protects you from negative energy.
   It affects your resistance to hostile enchantments.
   It protects you against confusion.
 M - a ring of protection from magic (left hand)
 U - an uncursed ring of poison resistance
Wands
 c - a wand of acid (9)
 f - a wand of flame (56)
 i - a wand of random effects (54)
 Q - a wand of paralysis (14)
Scrolls
 b - a scroll of summoning {unknown}
 g - 3 scrolls of immolation
 k - 2 scrolls of amnesia
 l - a scroll of random uselessness {unknown}
 m - 3 scrolls of enchant armour
 r - 3 scrolls of fog
 s - a scroll of vulnerability
 B - a scroll of silence {unknown}
 C - 6 scrolls of teleportation
 E - 3 scrolls of identify
 K - 10 scrolls of remove curse
Potions
 e - 3 potions of haste
 j - 2 potions of invisibility
 o - 4 potions of brilliance
 p - 5 potions of ambrosia
 z - 2 potions of stabbing
 A - 4 potions of flight
 F - a potion of lignification
 G - a potion of mutation
 H - a potion of might
 N - 2 potions of curing
 S - a potion of cancellation
Comestibles
 d - 29 rations


   Skills:
 + Level 8.7 Fighting
 - Level 2.4 Dodging
 - Level 10.0 Stealth
 - Level 4.0 Shields
 + Level 14.8 Spellcasting
 * Level 16.6 Conjurations
   Level 1.1 Summonings
 - Level 1.1 Translocations
 + Level 8.9 Air Magic


You had 7 spell levels left.
You knew the following spells:

 Your Spells              Type           Power        Failure   Level  Hunger
a - Apportation           Tloc           ####..       2%          1    None
b - Blink                 Tloc           N/A          4%          2    None
c - Mephitic Cloud        Conj/Pois/Air  ######..     1%          3    None
d - Irradiate             Conj/Tmut      ######....   1%          5    None
j - Conjure Flame         Conj/Fire      ######..     1%          3    None
l - Conjure Ball Lightni  Conj/Air       #######...   1%          6    ####...
p - Passage of Golubria   Tloc           N/A          26%         4    None
r - Searing Ray           Conj           ######       0%          2    None
t - Magic Dart            Conj           ####         0%          1    None
v - Invisibility          Hex            ###.....     99%         6    ####...
w - Swiftness             Chrm/Air       #####...     1%          2    None

Your spell library contained the following spells:

 Spells                   Type           Power        Failure   Level  Hunger
 Fireball                 Conj/Fire      ######....   1%          5    None
 Sandblast                Erth           ###...       1%          1    None
 Poisonous Vapours        Pois/Air       #####.       1%          2    None
 Dazzling Flash           Conj/Hex       ######       1%          3    None
 Stone Arrow              Conj/Erth      ######       1%          3    None
 Summon Butterflies       Summ           ####....     2%          1    None
 Summon Small Mammal      Summ           ####         2%          1    None
 Animate Skeleton         Necr           N/A          4%          1    None
 Corona                   Hex            ###....      4%          1    None
 Call Imp                 Summ           ####....     4%          2    None
 Ensorcelled Hibernation  Hex/Ice        ###...       6%          2    None
 Passwall                 Tmut/Erth      ###.....     6%          2    None
 Slow                     Hex            ###.....     6%          2    None
 Confusing Touch          Hex            ###.....     12%         3    None
 Tukima's Dance           Hex            ###.....     12%         3    None
 Lee's Rapid Deconstruct  Erth           ###.......   28%         5    None
 Petrify                  Tmut/Erth      ###.....     38%         4    None
 Summon Mana Viper        Hex/Summ       ###.....     65%         5    None
 Deflect Missiles         Chrm/Air       #####.....   71%         6    ####...
 Darkness                 Hex            ###.......   99%         6    ####...


Dungeon Overview and Level Annotations

Branches:
Dungeon (12/15)            Temple (1/1) D:6            Lair (6/6) D:9
  Swamp (0/4) Lair:3        Snake (0/4) Lair:4        Slime (0/5) Lair:5
    Orc (0/2) D:12        Volcano (visited)

Altars:
Ashenzari
Dithmenos
Elyvilon
Fedhas
Gozag
Hepliaklqana
Kikubaaqudgha
Makhleb
Nemelex Xobeh
Qazlal
Ru
Sif Muna
Trog
Uskayaw
Vehumet
Xom
Yredelemnul
The Shining One
Jiyva

Shops:
D:5 *   D:7 =   D:12 *

Annotations:
D:1 exclusion: downstairs
D:9 exclusion: downstairs
D:11 exclusion: 2 downstairs
D:12 Frances
Lair:3 exclusion: 2 downstairs


Message History

Confirm with . or Enter, or press ? or * to list all spells.
Okay, then.
You feel better.
Frances chants phrases taken from a devil's mouth.
Evoke which item? (* to show all) (? for menu, Esc to quit)
Okay, then.
You feel better.
Evoke which item? (* to show all) (? for menu, Esc to quit)
Aiming: Corrosive Bolt
Press: ? - help, Shift-Dir - straight line The bolt of acid hits Frances!
Frances is splashed with acid!
The acid corrodes Frances!
Frances is almost dead.
Frances screams a word of power!
The shard of ice hits you!! You partially resist.
* * * LOW HITPOINT WARNING * * *
Frances sneers.
Frances screams a word of power!
The shard of ice hits you!! You partially resist.
You die...

#.# #.# #.# #.#
#########.# #.###
.........>#####.#.#
.###....#........#...#
...##.....#####>###.##
.##.##..?....).## #.#
..##.#.....#....###^##
...#.#.......##.@#.#
.............####.##
...#.#........###.#
...#.##.....)[.##@#
.o.##.##.###...##.#
....##.....##..##3#
.....###(##.##..#.####
.........(##.#.......#
}..........#.#.#..##.#


You could see Frances and a ynoxinul.

Vanquished Creatures
  Gastronok (D:12)
  An ettin (D:11)
  A fire dragon (D:12)
  6 hydras
  A catoblepas (Lair:6)
  A dancing weapon (Volcano)
  2 two-headed ogres (D:9)
  A deep troll shaman (Lair:6)
  3 death yaks (Lair:6)
  A deep elf knight (D:12)
  4 skeletal warriors (D:11)
  5 wizards (Volcano)
  2 lindwurms (Lair:6)
  2 oklob plants
  5 toenail golems (Volcano)
  3 cyclopes
  2 ugly things (D:11)
  3 black mambas
  7 elephants
  5 spiny frogs
  A rime drake (Lair:6)
  A gargoyle (D:11)
  5 komodo dragons
  A tyrant leech (Lair:2)
  A polar bear (Lair:1)
  2 trolls (D:10)
  7 blink frogs
  4 dream sheep (Lair:6)
  2 bog bodies (Lair:3)
  6 hippogriffs
  A vampire (D:11)
  A wraith (D:11)
  3 wyverns
  The ghost of lyrin the Poker, an amateur MiGl (D:3)
  41 yaks
  2 hungry ghosts
  3 swamp worms (Lair:2)
  Menkaure (D:5)
  3 vampire mosquitoes (D:12)
  10 porcupines
  10 water moccasins
  Duvessa (D:6)
  8 orc warriors
  6 sky beasts
  2 eyes of draining
  5 ice beasts
  4 black bears
  8 ogres
  A necrophage (D:8)
  4 phantoms
  8 centaurs
  10 wolves
  Blork the orc (D:4)
  10 crocodiles
  2 big kobolds
  A gnoll sergeant (D:11)
  20 bullfrogs
  8 scorpions
  Dowan (D:6)
  3 killer bees (D:10)
  2 howler monkeys
  A centaur zombie (D:9)
  5 crimson imps
  2 bullfrog skeletons (D:11)
  3 hounds (D:4)
  A bullfrog zombie (D:11)
  4 orc priests
  2 jellies
  9 orc wizards
  2 centaur skeletons (D:12)
  Natasha (thrice) (D:2)
  9 worker ants
  A killer bee zombie (D:5)
  A hound skeleton (D:6)
  A worker ant zombie (D:11)
  5 gnolls (D:11)
  8 adders
  A howler monkey skeleton (D:8)
  4 shadow imps
  2 oozes (D:1)
  A worm (D:3)
  4 dart slugs
  4 leopard geckos
  41 orcs
  7 bats
  3 giant cockroaches
  11 goblins
  9 hobgoblins
  14 jackals
  14 kobolds
  4 quokkas
  3 ball pythons
  3 frilled lizards
  2 quokka skeletons
  9 rats
  5 fungi
465 creatures vanquished.

Vanquished Creatures (collateral kills)
  A ball lightning (Lair:6)
  Grinder (D:3)
  A polar bear (Lair:1)
  A hippogriff (Lair:1)
  Sigmund (D:2)
  An orc warrior (D:7)
  A phantom (D:7)
  An ogre (D:8)
  A centaur (D:7)
  A crocodile (Lair:1)
  A crimson imp (D:2)
  6 orc priests
  Crazy Yiuf (D:2)
  2 orc wizards
  An ooze (D:3)
  11 orcs
  A fungus (D:9)
33 creatures vanquished.

Vanquished Creatures (others)
  52 ball lightnings
  18 fungi
  6 plants
76 creatures vanquished.

Grand Total: 574 creatures vanquished

Notes
Turn   | Place    | Note
-------+----------+-------------------------------------------
     0 | D:1      | Anathematize the Deep Elf Wizard began the quest for the
                  | Orb.
     0 | D:1      | Reached XP level 1. HP: 10/10 MP: 7/7
   261 | D:1      | Reached XP level 2. HP: 16/16 MP: 6/9
   266 | D:1      | Learned a level 2 spell: Blink
   572 | D:1      | Reached skill level 2 in Conjurations
   897 | D:1      | Reached XP level 3. HP: 20/20 MP: 8/11
   932 | D:1      | Learned a level 3 spell: Mephitic Cloud
  1370 | D:2      | Noticed Natasha
  1377 | D:2      | Noticed Sigmund
  1455 | D:2      | Reached skill level 1 in Fighting
  1641 | D:2      | Learned a level 2 spell: Call Imp
  1665 | D:2      | Killed Sigmund
  1665 | D:2      | Reached skill level 5 in Spellcasting
  1665 | D:2      | Reached skill level 3 in Conjurations
  1665 | D:2      | Reached skill level 1 in Air Magic
  1665 | D:2      | Reached XP level 4. HP: 25/25 MP: 5/13
  1922 | D:2      | Reached XP level 5. HP: 29/29 MP: 8/14
  2145 | D:2      | Found a radiant altar of Vehumet.
  2145 | D:2      | Found a basalt altar of Yredelemnul.
  2163 | D:2      | Found a faded altar of an unknown god.
  2165 | D:2      | Became a worshipper of Vehumet
  2210 | D:2      | Found a faded altar of an unknown god.
  2217 | D:2      | Found a shimmering blue altar of Sif Muna.
  2312 | D:2      | Killed Natasha
  2386 | D:2      | Noticed Natasha
  2391 | D:2      | Killed Natasha
  2391 | D:2      | Reached skill level 4 in Conjurations
  2460 | D:2      | Noticed Natasha
  2465 | D:2      | Killed Natasha
  2566 | D:2      | Found a runed translucent door.
  2567 | D:2      | Noticed Crazy Yiuf
  2642 | D:2      | Killed Crazy Yiuf
  2704 | D:3      | Reached XP level 6. HP: 35/35 MP: 13/16
  2718 | D:2      | Learned a level 3 spell: Conjure Flame
  3060 | D:3      | Noticed Grinder
  3949 | D:4      | Noticed Blork the orc
  4204 | D:4      | Killed Blork the orc
  4204 | D:4      | Reached skill level 5 in Conjurations
  4379 | D:4      | Reached * piety under Vehumet
  4379 | D:4      | Offered knowledge of Sandblast by Vehumet.
  4495 | D:4      | Reached XP level 7. HP: 40/40 MP: 7/18
  5239 | D:5      | Entered Level 5 of the Dungeon
  5267 | D:5      | Found Bacais's Mass Market.
  5451 | D:5      | Reached skill level 6 in Conjurations
  5495 | D:5      | Found a hazy altar of Hepliaklqana.
  5559 | D:5      | Found a white marble altar of Elyvilon.
  6091 | D:5      | Noticed Menkaure
  6096 | D:5      | Killed Menkaure
  6096 | D:5      | Reached XP level 8. HP: 38/46 MP: 20/20
  6478 | D:6      | Noticed Duvessa
  6479 | D:6      | Noticed Dowan
  6553 | D:6      | Found a staircase to the Ecumenical Temple.
  6618 | D:6      | Got a warped kite shield
  6625 | Temple   | Entered the Ecumenical Temple
  6693 | D:6      | Killed Dowan
  6919 | D:6      | Killed Duvessa
  6919 | D:6      | Offered knowledge of Shock by Vehumet.
  6919 | D:6      | Reached skill level 7 in Conjurations
  7095 | D:6      | Reached ** piety under Vehumet
  7528 | D:7      | Found Gotic's Jewellery Shoppe.
  7934 | D:7      | Found a shattered altar of Ashenzari.
  8010 | D:7      | Reached skill level 8 in Conjurations
  8330 | D:7      | Reached XP level 9. HP: 52/52 MP: 20/23
  8722 | D:8      | Reached skill level 5 in Air Magic
  9160 | D:8      | Offered knowledge of Searing Ray by Vehumet.
  9193 | D:8      | Learned a level 2 spell: Searing Ray
  9271 | D:8      | Found a shadowy altar of Dithmenos.
  9399 | D:8      | Reached skill level 9 in Conjurations
  9553 | D:8      | Reached skill level 5 in Fighting
  9806 | D:8      | Reached *** piety under Vehumet
  9806 | D:8      | Reached skill level 5 in Stealth
 10198 | D:8      | Reached skill level 10 in Conjurations
 10198 | D:8      | Reached XP level 10. HP: 59/59 MP: 25/25
 10318 | D:8      | Found a blossoming altar of Fedhas.
 10889 | D:9      | Offered knowledge of Static Discharge by Vehumet.
 11246 | D:9      | Found a staircase to the Lair.
 11328 | D:9      | Noticed a two-headed ogre
 11602 | D:9      | Killed a two-headed ogre
 11602 | D:9      | Reached skill level 10 in Spellcasting
 11718 | D:9      | Noticed a two-headed ogre
 11833 | D:9      | Killed a two-headed ogre
 11833 | D:9      | Reached skill level 11 in Conjurations
 11867 | D:9      | Found an opulent altar of Gozag.
 11940 | Lair:1   | Entered Level 1 of the Lair of Beasts
 12361 | Lair:1   | Lost strength.
 12501 | Lair:1   | Got a jewelled leather armour
 13166 | D:7      | Bought the amulet of the Four Winds {rN+ MR+++ Clar} for
                  | 570 gold pieces
 13166 | D:7      | Found the amulet of the Four Winds {rN+ MR+++ Clar}
 13245 | D:3      | Killed Grinder
 13280 | D:3      | Identified the +1 leather armour of Midnight {rPois Dex+6}
                  | (You found it on level 1 of the Lair of Beasts)
 13388 | D:3      | Found a bloodstained altar of Trog.
 13391 | D:3      | You fall into a shaft and drop 1 floor!
 13428 | D:3      | Found a runed translucent door.
 13433 | D:3      | Noticed lyrin's ghost (amateur MiGl)
 13639 | D:3      | Killed lyrin's ghost
 13696 | D:3      | Found a runed translucent door.
 13729 | D:3      | Found a shimmering altar of Xom.
 13729 | D:3      | Found a burning altar of Makhleb.
 14256 | D:10     | Entered Level 10 of the Dungeon
 14399 | Lair:2   | Reached XP level 11. HP: 63/64 MP: 27/27
 14785 | Lair:2   | Identified the +5 kite shield "Itaxuow" {*Corrode rF+ rC+++
                  | rN+} (You found it on level 6 of the Dungeon)
 15026 | Lair:2   | Reached skill level 12 in Conjurations
 15150 | Lair:2   | Noticed an oklob plant
 15266 | Lair:2   | Reached **** piety under Vehumet
 17219 | Lair:3   | Found an opulent altar of Gozag.
 17223 | Lair:3   | Found a staircase to the Swamp.
 17278 | Lair:3   | Offered knowledge of Irradiate by Vehumet.
 17811 | Lair:3   | Learned a level 5 spell: Irradiate
 18012 | Lair:4   | Noticed an eight-headed hydra
 18065 | Lair:4   | Noticed a five-headed hydra
 18529 | D:10     | Learned a level 1 spell: Apportation
 19297 | D:10     | Reached skill level 13 in Conjurations
 20148 | D:11     | Reached XP level 12. HP: 72/72 MP: 24/30
 20335 | D:11     | Reached ***** piety under Vehumet
 20546 | D:11     | Offered knowledge of Conjure Ball Lightning by Vehumet.
 20557 | D:11     | Learned a level 6 spell: Conjure Ball Lightning
 20602 | D:11     | Reached skill level 10 in Stealth
 21252 | D:11     | Found an ancient bone altar of Kikubaaqudgha.
 21254 | D:11     | Found a burning altar of Makhleb.
 21254 | D:11     | Found a basalt altar of Yredelemnul.
 21256 | D:11     | Found a white marble altar of Elyvilon.
 21256 | D:11     | Found a burning altar of Makhleb.
 21256 | D:11     | Found a shimmering altar of Xom.
 21310 | D:12     | Found Hilusaicae's Elemental Accessories.
 21472 | D:12     | Noticed a seven-headed hydra
 21699 | D:12     | Noticed a fire dragon
 22020 | Lair:3   | Reached skill level 14 in Conjurations
 22276 | Lair:4   | Killed a five-headed hydra
 22495 | Lair:4   | Killed an eight-headed hydra
 22782 | Lair:4   | Found a staircase to the Snake Pit.
 23583 | Lair:4   | Reached skill level 1 in Shields
 23736 | Lair:5   | Found a dark tunnel.
 23741 | Volcano  | Entered a volcano
 23783 | Volcano  | Reached XP level 13. HP: 69/78 MP: 24/32
 24196 | Volcano  | Reached skill level 15 in Conjurations
 24303 | Volcano  | Learned a level 6 spell: Invisibility
 25237 | Lair:5   | Found a viscous altar of Jiyva.
 25238 | Lair:5   | Found a staircase to the Slime Pits.
 25620 | Lair:6   | Entered Level 6 of the Lair of Beasts
 27063 | Lair:6   | Offered knowledge of Fireball by Vehumet.
 27089 | Lair:6   | Learned a level 2 spell: Swiftness
 27094 | Lair:6   | Learned a level 4 spell: Passage of Golubria
 28053 | Lair:6   | Reached skill level 16 in Conjurations
 28820 | D:12     | Noticed an ettin
 28964 | D:12     | Found a staircase to the Orcish Mines.
 28964 | D:12     | Noticed Gastronok
 29117 | D:12     | Identified the +3 battleaxe of Uskayaw's Displeasure
                  | {venom, +Rage Int-5 Dex-5 SInv}
 29152 | D:12     | Reached XP level 14. HP: 71/84 MP: 34/34
 29237 | D:12     | Killed Gastronok
 29299 | D:12     | Noticed Frances
 29590 | D:12     | Identified the +6 flail "Icearer" {vorpal, rC+ MR+}
 31105 | D:12     | Identified the Tome of Calling and Flight
 31480 | D:12     | Killed from afar by Frances

Levels and vault maps discovered:
D:1:      wander_arrival_desolate, layout_loops_ring
D:2:      layout_rooms, chequers_temple_overflow_minitemple, minmay_tromino_i4,
          uniq_natasha, uniq_crazy_yiuf_cottage, uniq_sigmund
D:3:      layout_basic, grunt_temple_overflow_champion_of_chaos,
          nicolae_overflow_crystal_walls, ebering_ghost_sewer_f, uniq_grinder
D:4:      layout_loops_ring, first_ration, uniq_blork_the_orc
D:5:      layout_loops_cross, kennysheep_little_box, elyvilon_altar_3,
          minivault_14, kennysheep_decorative_pillar, minmay_shop_mass,
          chequers_avenue, uniq_menkaure
D:6:      layout_rooms, minmay_temple_entry_large_hall, minivault_19,
          uniq_duvessa
D:7:      layout_basic, evilmike_ruin_ashenzari, serial_shops, shop
D:8:      layout_basic, nicolae_dithmenos_through_a_glass_darkly,
          nicolae_overflow_hidden_temple
D:9:      layout_irregular_city, nicolae_gozag_cash_rules_everything_around_me,
          grunt_lair_entry_orc_guard_hut
D:10:     layout_cave_pods
D:11:     layout_loops_ring, blue_anna_alchemist [blue_anna_fruit_fields,
          blue_anna_fruit_fields], doesnt_xom_only_xom
D:12:     minmay_strange_plus, layout_loops_ring, david_orc_2,
          nicolae_elemental_shop, uniq_frances, uniq_gastronok
Temple:   compressed_dpeg_circular_temple
Lair:1:   layout_big_grid, cheibrodos_lair_lostbears
Lair:2:   layout_regular_city, grunt_forest_small_clearings, st_stairs_3,
          worms_lemuel
Lair:3:   layout_chaotic_city, skrybe_swamp_entry_bodies, basic_altar,
          st_stairs_8, lemuel_fruit_fields
Lair:4:   layout_big_grid, dummy_snake_entry, minivault_23, ldierk_geyser,
          nicolae_lair_grove_arrangements
Lair:5:   layout_roguey, dpeg_slime_entry_enclosed_altar, enter_volcano_4,
          lemuel_fruit_fields
Lair:6:   grunt_lair_end_beastmaster, layout_regular_city,
          minmay_lair_oklob_bushes

Skill      XL: |  1  2  3  4  5  6  7  8  9 10 11 12 13 |
---------------+----------------------------------------+-----
Conjurations   | 2 3 4 5 6 8 10 11 13 14 16 | 16.6
Stealth        | 3 5 7 9 10 | 10.0
Fighting       | 1 2 3 4 5 6 7 8 |  8.7
Spellcasting   | 5 6 7 8 9 10 12 13 14 | 14.8
Air Magic      | 1 2 3 4 5 6 8 |  8.9
Shields        | 1 4 |  4.0
Dodging        | |  2.4
Summonings     | |  1.1
Translocations | |  1.1

Action                   |  1- 3 |  4- 6 |  7- 9 | 10-12 | 13-15 || total
-------------------------+-------+-------+-------+-------+-------++-------
Melee: Dagger            |       |    15 |    11 |       |       ||    26
       Staff             |       |       |     8 |    10 |    16 ||    34
 Cast: Magic Dart        |    76 |   101 |   346 |   290 |    64 ||   877
       Call Imp          |     3 |    23 |    38 |    27 |       ||    91
       Mephitic Cloud    |     1 |    14 |    12 |    50 |    23 ||   100
       Blink             |       |     6 |    10 |    28 |    10 ||    54
       Conjure Flame     |       |     3 |    26 |    55 |    20 ||   104
       Searing Ray       |       |       |    24 |   515 |   362 ||   901
       Irradiate         |       |       |       |     5 |    10 ||    15
       Conjure Ball Ligh |       |       |       |     9 |    17 ||    26
       Apportation       |       |       |       |       |     1 ||     1
       Swiftness         |       |       |       |       |     1 ||     1
Evoke: Wand              |       |       |     4 |       |     3 ||     7
  Use: Scroll            |     1 |     3 |     4 |    17 |     9 ||    34
       Potion            |       |       |       |       |     5 ||     5
 Stab: Sleeping          |       |     2 |       |       |       ||     2
       Confused          |       |     1 |       |       |       ||     1
  Eat: Chunk             |     2 |     6 |    13 |    36 |    20 ||    77
       Ration            |       |     1 |     1 |     2 |     2 ||     6
Armor: Robe              |     5 |    13 |     7 |       |       ||    25
       Leather armour    |       |       |     7 |    45 |    24 ||    76
Dodge: Dodged            |    14 |    33 |    64 |   148 |    56 ||   315
Block: Buckler           |       |       |       |     3 |    36 ||    39

Table legend:
 A = Non-vault XP
 B = Vault XP
 C = Vault XP percentage of total XP
 D = Non-vault monster count
 E = Vault monster count
 F = Vault count percentage of total count
                 A         B        C        D         E       F
            +---------+---------+-------+---------+---------+-------
      Total |   49532 |   26434 |  34.8 |     413 |      78 |  15.9
            +---------+---------+-------+---------+---------+-------
        D:1 |      60 |       0 |   0.0 |      30 |       0 |   0.0
        D:2 |     205 |     176 |  46.2 |      24 |       6 |  20.0
        D:3 |     214 |     627 |  74.6 |      24 |       7 |  22.6
        D:4 |     382 |     103 |  21.2 |      11 |       1 |   8.3
        D:5 |     435 |     169 |  28.0 |      11 |       1 |   8.3
        D:6 |     368 |     199 |  35.1 |      17 |       2 |  10.5
        D:7 |     710 |       0 |   0.0 |      17 |       0 |   0.0
        D:8 |    2700 |       0 |   0.0 |      39 |       0 |   0.0
        D:9 |    2561 |     475 |  15.6 |      16 |       5 |  23.8
       D:10 |    1951 |       0 |   0.0 |      19 |       0 |   0.0
       D:11 |    9394 |    1729 |  15.5 |      56 |       4 |   6.7
       D:12 |    4902 |    5637 |  53.5 |      45 |      12 |  21.1
     Lair:1 |     825 |     567 |  40.7 |       5 |       2 |  28.6
     Lair:2 |    4240 |     955 |  18.4 |      18 |       5 |  21.7
     Lair:3 |    1739 |     619 |  26.3 |      10 |       3 |  23.1
     Lair:4 |    6365 |       0 |   0.0 |      24 |       0 |   0.0
     Lair:5 |    6737 |       0 |   0.0 |      25 |       0 |   0.0
     Lair:6 |    5744 |    8340 |  59.2 |      22 |      19 |  46.3
    Volcano |       0 |    6838 | 100.0 |       0 |      11 | 100.0
            +---------+---------+-------+---------+---------+-------
